 Dungeon Crawl Stone Soup version 0.30-a0-358-g0d69a1922f (webtiles) character file.

Game seed: 8578115148192503674

1204 jlumianski the Chopper (level 8, -5/61 HPs)
             Began as a Demonspawn Fighter on Nov 8, 2022.
             Engulfed by a steam dragon's steam (12 damage)
             ... on level 6 of the Dungeon on Nov 9, 2022.
             The game lasted 00:23:26 (5349 turns).

jlumianski the Chopper (Demonspawn Fighter)         Turns: 5349, Time: 00:23:27

Health: -5/61      AC: 12    Str: 18    XL:     8   Next: 21%
Magic:  8/8        EV:  7    Int: 10    God:
Gold:   245        SH:  5    Dex: 13    Spells: 7/7 levels left

rFire   . . .      SeeInvis .    n - +1 broad axe
rCold   . . .      Faith    .    c - +0 buckler
rNeg    . . .      Spirit   .    w - +0 chain mail
rPois   .          Reflect  .    l - +0 helmet
rElec   .          Harm     .    k - scarf {shadows}
rCorr   .          Rampage  .    (no gloves)
Will    .....                    u - +0 pair of boots
Stlth   ..........               (no amulet)
HPRegen 0.30/turn                (no ring)
MPRegen 0.11/turn                (no ring)

@: no status effects
A: hooves 2, demonic guardian 1, icemail 1, condensation shield, weakness
stinger 1
a: no special abilities


You were on level 6 of the Dungeon.
You visited 1 branch of the dungeon, and saw 7 of its levels.

You collected 245 gold pieces.

Inventory:

Hand Weapons
 a - a +0 war axe
 n - a +1 broad axe (weapon)
 y - a +2 quarterstaff of chaos
 C - a +1 hand axe of flaming
Missiles
 m - 6 atropa-tipped darts
 o - 5 javelins (quivered)
Armour
 b - a +0 scale mail
 c - a +0 buckler (worn)
 k - a scarf of shadows (worn)
 l - a +0 helmet (worn)
 u - a +0 pair of boots (worn)
 w - a +0 chain mail (worn)
 z - a +0 cloak
Jewellery
 A - an amulet of faith
 B - a ring of wizardry
Wands
 d - a wand of roots (11)
 t - a wand of digging (3)
 v - a wand of flame (49)
Scrolls
 f - 4 scrolls of teleportation
 r - 3 scrolls of silence
 D - a scroll of blinking {unknown}
 E - a scroll of fear
Potions
 e - 3 potions of curing
 g - a potion of magic
 h - a potion of degeneration
 i - a potion of resistance {unknown}
 j - a potion of lignification
 p - 3 potions of cancellation
 q - a potion of attraction
 s - 2 potions of brilliance


   Skills:
 + Level 4.9 Fighting
 + Level 5.8 Axes
 + Level 1.1 Throwing
 + Level 5.4 Armour
 + Level 1.9 Dodging
 + Level 0.2 Stealth
 + Level 3.5 Shields


You had 7 spell levels left.
You didn't know any spells.
Your spell library contained the following spells:

 Spells                   Type           Power      Damage    Failure   Level
 Magic Dart               Conj           0%         1d3       99%         1
 Poisonous Vapours        Pois/Air       0%         N/A       100%        2
 Scorch                   Fire           0%         2d5       100%        2
 Searing Ray              Conj           0%         2d4       100%        2
 Summon Guardian Golem    Hex/Summ       0%         N/A       100%        3
 Airstrike                Air            0%         2d(0-16)  100%        4
 Fulminant Prism          Conj/Hex       0%         3d5       100%        4
 Summon Lightning Spire   Summ/Air       0%         N/A       100%        4
 Lightning Bolt           Conj/Air       0%         1d11      100%        5
 Silence                  Hex/Air        0%         N/A       100%        5
 Orb of Destruction       Conj           0%         9d5       100%        7
 Spellforged Servitor     Conj/Summ      0%         N/A       100%        7


Dungeon Overview and Level Annotations

Branches:
Dungeon (7/15)
 Temple: D:4-7

Altars:
Vehumet

Annotations:
D:2 Pargi


Innate Abilities, Weirdness & Mutations

You have hoof-like feet.
A weak demonic guardian rushes to your aid.
A meltable icy envelope protects you from harm. (AC +0)
A meltable shield of frost defends you. (SH +0)
You have a small tail.


Message History

You hit the steam dragon.
The steam dragon is heavily wounded.
The steam dragon misses you. The steam dragon barely misses you.
The steam dragon breathes steam at you. The ball of steam hits you!!
* * * LOW HITPOINT WARNING * * *
The ball of steam hits your ufetubus!
Your ufetubus dies!
Your ufetubus disappears in a puff of smoke!
You feel much better.
The steam dragon bites you but does no damage.
The steam dragon completely misses you.
Okay, then.
You hit the steam dragon.
The steam dragon is heavily wounded.
The steam dragon bites you!
A demonic guardian appears!
You block the steam dragon's attack.
You closely miss the steam dragon.
The steam dragon is heavily wounded.
The steam dragon bites you but does no damage.
You block the steam dragon's attack.
You slash the steam dragon!
The steam dragon is almost dead.
The steam dragon breathes steam at you. The ball of steam hits you!
The ball of steam hits your quasit.
Your quasit resists.
The steam dragon bites you.
The steam dragon claws you but does no damage.
You swap places.
You are engulfed in a cloud of scalding steam.
Your quasit bites the steam dragon but does no damage.
Your quasit barely misses the steam dragon.
Your quasit claws the steam dragon but does no damage.
The steam dragon breathes steam at your quasit.
The ball of steam hits your quasit.
Your quasit resists.
The ball of steam hits you!
* * * LOW HITPOINT WARNING * * *
You are engulfed in a cloud of scalding steam.
You die...

.#.###..#.# #.#
#......#.# #.#
#.#.##...#.# #.# #.#
##...#.# #.#
#.#.##...#.# #.#
#.#. #...#.# #.# .
#.. #...#.# #D#
..#.####...#.####5#
...<.......#....@ยง#
###........########
....####.# ...#.#
#.# .####.####.# #
.#....# #.#### #.#
#.###


You could see a steam dragon (distracted, catching breath, ally target) and a
friendly quasit (summoned).

Vanquished Creatures
  Grinder (D:3)
  Sigmund (D:4)
  A water moccasin (D:7)
  A centaur (D:4)
  A phantom (D:4)
  A necrophage (D:4)
  2 scorpions (D:5)
  A jelly (D:5)
  Crazy Yiuf (D:4)
  An iguana (D:4)
  Ijyb (D:3)
  5 adders
  A gnoll (D:3)
  An ufetubus (D:5)
  4 worms (D:2)
  3 dart slugs
  An orc (D:2)
  5 bats
  7 endoplasms
  2 giant cockroaches
  4 goblins
  6 hobgoblins
  4 quokkas
  7 ball pythons
  4 frilled lizards
  6 kobolds
  9 rats
81 creatures vanquished.

Vanquished Creatures (collateral kills)
  A water moccasin (D:7)
  A scorpion (D:4)
  A giant cockroach (D:2)
  2 kobolds
  A bat (D:2)
  A frilled lizard (D:2)
7 creatures vanquished.

Vanquished Creatures (others)
  2 fungi (D:1)
  4 plants (D:1)
6 creatures vanquished.

Grand Total: 94 creatures vanquished

Notes
Turn   | Place    | Note
-------+----------+-------------------------------------------
     0 | D:1      | jlumianski the Demonspawn Fighter began the quest for the
                  | Orb.
     0 | D:1      | Reached XP level 1. HP: 18/18 MP: 1/1
   232 | D:2      | Gained mutation: A weak demonic guardian rushes to your
                  | aid. [demonic ancestry]
   232 | D:2      | Reached XP level 2. HP: 24/24 MP: 2/2
   500 | D:1      | Got Nedi's Quarto of the Cloudy Blaze
  1194 | D:2      | Discovered your monstrous ancestry.
  1194 | D:2      | Gained mutation: You have a small tail. [demonic ancestry]
  1194 | D:2      | Reached XP level 3. HP: 20/29 MP: 3/3
  2103 | D:2      | Reached XP level 4. HP: 35/35 MP: 4/4
  2355 | D:3      | Reached skill level 1 in Dodging
  2381 | D:4      | Noticed Pargi
  2469 | D:3      | Found a faded altar of an unknown god.
  2607 | D:4      | Noticed a scorpion
  2673 | D:3      | Noticed Ijyb
  2684 | D:3      | Killed Ijyb
  2704 | D:3      | Gained mutation: You have large cloven feet. [demonic
                  | ancestry]
  2704 | D:3      | Reached XP level 5. HP: 7/41 MP: 5/5
  3519 | D:4      | Found a runed translucent door.
  3520 | D:4      | Noticed Crazy Yiuf
  3570 | D:4      | Found a radiant altar of Vehumet.
  3576 | D:5      | Entered Level 5 of the Dungeon
  3613 | D:4      | Noticed Sigmund
  3627 | D:4      | Killed Sigmund
  3628 | D:4      | Gained mutation: A meltable shield of frost defends you.
                  | (SH +0) [demonic ancestry]
  3628 | D:4      | Reached XP level 6. HP: 22/48 MP: 6/6
  4002 | D:4      | Noticed Grinder
  4026 | D:3      | Paralysed by Grinder for 3 turns
  4034 | D:3      | Killed Grinder
  4035 | D:3      | Reached skill level 5 in Axes
  4035 | D:3      | Gained mutation: A meltable icy envelope protects you from
                  | harm. (AC +0) [demonic ancestry]
  4035 | D:3      | Reached XP level 7. HP: 46/55 MP: 7/7
  4099 | D:4      | Reached skill level 1 in Throwing
  4342 | D:4      | Identified the +10 spear of Mayhem {drain, Will+ SInv
                  | Stlth+}
  4475 | D:4      | Killed Crazy Yiuf
  4680 | D:5      | Reached skill level 5 in Armour
  4752 | D:5      | Gained mutation: You have hoof-like feet. [demonic
                  | ancestry]
  4752 | D:5      | Reached XP level 8. HP: 61/61 MP: 8/8
  5349 | D:6      | Engulfed by a steam dragon's steam

Illustrated notes

Levels and vault maps discovered:
D:1:      tarquinn_simple_flora_water_d, layout_basic, reono_crystal_passage,
          dk_noncrumbling_3, grunt_decor_one_mirror, minmay_misc_feat_tiny
D:2:      minmay_skewed_foursquare, layout_basic
D:3:      cheibrodos_helix_gallery, layout_basic,
          hellmonk_ecumenical_altar_prayer_group, uniq_ijyb
D:4:      layout_basic, vehumet_crystals, uniq_pargi, uniq_crazy_yiuf_cottage,
          uniq_sigmund, uniq_grinder
D:5:      layout_basic, minmay_temple_entry_from_below_a
D:6:      layout_basic, mainiacjoe_overflow_boulevard,
          mainiacjoe_overflow_catwalk, gammafunk_ghost_necromancy
D:7:      cheibrodos_iron_armory, layout_loops_ring,
          nicolae_tso_carved_into_rock, kennysheep_orc_sif_temple,
          chequers_serial_rivers_micro_a

Skill      XL: |  1  2  3  4  5  6  7 |
---------------+----------------------+-----
Axes           | 2 3 4 5 |  5.8
Armour         | 3 4 5 |  5.4
Shields        | 3 |  3.5
Dodging        | 1 |  1.9
Fighting       | 4 |  4.9
Throwing       | 1 |  1.1
Stealth        | |  0.2

Action                   |  1- 3 |  4- 6 |  7- 9 || total
-------------------------+-------+-------+-------++-------
Melee: War axe           |    81 |       |       ||    81
       Broad axe         |    48 |    96 |    55 ||   199
       Tailslap          |     6 |     9 |     3 ||    18
Throw: Javelin           |     1 |     7 |     5 ||    13
  Use: Scroll            |     1 |    11 |       ||    12
       Potion            |     1 |     4 |     4 ||     9
Armor: Scale mail        |    85 |    63 |     5 ||   153
       Chain mail        |       |       |    27 ||    27
Dodge: Dodged            |    85 |    49 |    17 ||   151
Block: Buckler           |    46 |    22 |    30 ||    98

Table legend: (Time is in decaauts)
 A = Elapsed time spent in this place.
 B = Non-inter-level travel time spent in this place.
 C = Inter-level travel time spent in this place.
 D = Time resting spent in this place.
 E = Time spent auto-exploring this place.
 F = Levels seen in this place.
 G = Mean time per level.
                   A        B        C        D        E       F      G
               +--------+--------+--------+--------+--------+-----+--------+
         Total |   5476 |   5344 |    132 |    537 |   2999 |   7 |  782.3 |
       Dungeon |   5476 |   5344 |    132 |    537 |   2999 |   7 |  782.3 |
               +--------+--------+--------+--------+--------+-----+--------+

Top non-repeatable levels by time:
     D:3: 1332 daAuts
     D:1: 1204 daAuts
     D:2: 1120 daAuts
     D:4: 918 daAuts
     D:5: 470 daAuts
     D:6: 337 daAuts
     D:7: 91 daAuts
